 Dungeon Crawl Stone Soup version 0.32-a0-18-g89e19f1974 (webtiles) character file.

Game seed: 5772897157930837806

32 Malachi the Carver (level 3, -3/28 HPs)
             Began as a Gnoll Wanderer on Jan 16, 2024.
             Slain by a gnoll
             ... wielding a +0 spear
              (5 damage)
             ... on level 2 of the Dungeon.
             The game lasted 00:02:22 (1249 turns).

Malachi the Carver (Gnoll Wanderer)                 Turns: 1249, Time: 00:02:22

Health: -3/28      AC:  0    Str: 12    XL:     3   Next: 27%
Magic:  7/7        EV: 11    Int:  9    God:
Gold:   49         SH:  0    Dex: 14    Spells: 7/7 levels left

rFire   . . .        a - +2 falchion
rCold   . . .        (no shield)
rNeg    . . .        (no body armour)
rPois   .            (no helmet)
rElec   .            (no cloak)
rCorr   .            (no gloves)
SInv    .            (no boots)
Will    .....        (no amulet)
Stlth   ++           (no ring)
HPRegen 0.24/turn    (no ring)
MPRegen 0.10/turn

%: no passive effects
@: no status effects
A: fangs 1, strong nose, distributed training
a: no special abilities


You were on level 2 of the Dungeon.
You visited 1 branch of the dungeon, and saw 2 of its levels.

You collected 73 gold pieces.
You spent 24 gold pieces at shops.

Inventory:

Hand Weapons
 a - a +2 falchion (weapon)
 b - a +0 hand axe
 d - a +0 dagger
Missiles
 c - 15 poisoned darts (quivered)
Armour
 f - a +0 leather armour
 j - a +0 scale mail
Scrolls
 g - 3 scrolls of teleportation
 h - a scroll of blinking
Potions
 e - a potion of haste
 i - a potion of magic {unknown}
 l - a potion of berserk rage {unknown}


   Skills:
 + Level 2.6 Fighting
 + Level 0.7 Short Blades
 + Level 8.5 Long Blades
 + Level 4.5 Axes
 + Level 0.7 Maces & Flails
 + Level 0.7 Polearms
 + Level 0.7 Staves
 + Level 0.7 Ranged Weapons
 + Level 2.6 Throwing
 + Level 2.6 Armour
 + Level 0.7 Dodging
 + Level 0.7 Stealth
 + Level 0.7 Shields
 + Level 0.7 Unarmed Combat
 + Level 2.8 Spellcasting
 + Level 0.5 Conjurations
 + Level 0.5 Hexes
 + Level 0.5 Summonings
 + Level 0.5 Necromancy
 + Level 0.5 Translocations
 + Level 0.5 Fire Magic
 + Level 0.5 Ice Magic
 + Level 0.5 Air Magic
 + Level 0.5 Earth Magic
 + Level 0.5 Alchemy
 + Level 0.9 Invocations
 + Level 0.7 Evocations
 + Level 0.6 Shapeshifting


You had 7 spell levels left.
You didn't know any spells.
Your spell library contained the following spells:

 Spells                   Type           Power      Damage    Failure   Level
 Sting                    Conj/Alch      8%         1d3       26%         1
 Ensorcelled Hibernation  Hex/Ice        4%         N/A       36%         2
 Mercury Vapours          Alch/Air       4%         N/A       36%         2
 Passwall                 Erth           2%         N/A       58%         3
 Swiftness                Air            2%         N/A       58%         3
 Olgreb's Toxic Radiance  Alch           2%         N/A       94%         4


Dungeon Overview and Level Annotations

Branches:
Dungeon (2/15)

Altars:

Shops:
D:1 (   D:2 ?


Innate Abilities, Weirdness & Mutations

You have very sharp teeth.
Your uncanny sense of smell can sniff out nearby items.
Your experience applies equally to all skills.


Message History

HP restored.
You open the door. You open the door.
There is an open door here.
Found a scale mail.
You open the door.
There is an open door here.
Found a stone staircase leading up.
A gnoll comes into view. It is wielding a +0 club.
A gnoll is nearby!
A gnoll is nearby!
The gnoll shouts!
You hear a shout! x2
A gnoll comes into view. It is wielding a +0 spear.
You see here a +0 scale mail.
j - a +0 scale mail You start removing your armour.
You continue taking off your +0 leather armour. x4
The gnoll barely misses you.
You finish taking off your +0 leather armour.
You start putting on your armour.
You continue putting on your +0 scale mail. x2
The gnoll misses you. The gnoll hits you with a +0 club.
You stop putting on your armour.
The gnoll completely misses you. The gnoll attacks as it pursues you!
The gnoll barely misses you. The gnoll attacks as it pursues you!
The gnoll hits you from afar with a +0 spear!
The gnoll attacks as it pursues you! The gnoll hits you with a +0 club!
You hit the gnoll but do no damage. You bite the gnoll.
The gnoll is lightly wounded.
The gnoll barely misses you. The gnoll misses you.
You hit the gnoll.
The gnoll is heavily wounded.
The gnoll hits you with a +0 club!
* * * LOW HITPOINT WARNING * * *
The gnoll closely misses you.
You slash the gnoll!
You kill the gnoll!
The gnoll hits you from afar with a +0 spear.
You die...

.. ∆ ## ##### .# #...# .# ∆
#...# .# ####...###### ∆
####..+...'....# .#
..##.##...####.# .#
#.##.##...##.#.# ..#
#.##@##...##.#.#
#.#.#########.##)##......#.###
.................g...........+
..#####.########.......#.#####
#.# #.################.# .
#.......# #.# #############.#
#.# #.............# #.#
#'############# #.g.....#


You could see a gnoll.

Vanquished Creatures
  A gnoll (D:2)
  A bat (D:1)
  2 giant cockroaches (D:1)
  3 goblins (D:1)
  3 hobgoblins
  7 kobolds (D:1)
  3 quokkas
  2 ball pythons (D:1)
  3 frilled lizards
  6 rats
31 creatures vanquished.

Notes
Turn   | Place    | Note
-------+----------+-------------------------------------------
     0 | D:1      | Malachi the Gnoll Wanderer began the quest for the Orb.
     0 | D:1      | Malachi set off with the following items: a +2 falchion, a
                  | +0 hand axe, 10 poisoned darts, a +0 dagger, a potion of
                  | haste, a +0 leather armour.
     0 | D:1      | Reached XP level 1. HP: 17/17 MP: 4/4
    77 | D:1      | Found a faded altar of an unknown god.
   179 | D:1      | Found Vidimaor's Antique Weapon Emporium.
   213 | D:1      | Reached XP level 2. HP: 22/23 MP: 5/5
   666 | D:1      | Reached XP level 3. HP: 28/28 MP: 7/7
  1137 | D:2      | Found Vumideiff's Magic Scroll Emporium.
  1146 | D:2      | Bought a scroll of identify for 24 gold pieces
  1249 | D:2      | Slain by a gnoll

Illustrated notes

Levels and vault maps discovered:
D:1:      dpeg_arrival_castle, layout_loops_corners,
          ebering_ecumenical_altar_abandoned, serial_shops,
          nicolae_shop_temple_entry_statues_fountains, lexackson_kobold_supper
D:2:      layout_basic, serial_shops, nicolae_shop_gibbet_a_chance

Action                     || total
---------------------------++-------
  Melee: Falchion          ||    82
         Bite              ||     6
    Use: Scroll            ||     3
   Stab: Sleeping          ||     1
 Armour: Leather armour    ||    34
         Skin              ||     5
  Dodge: Dodged            ||    47

Table legend: (Time is in decaauts)
 A = Elapsed time spent in this place.
 B = Non-inter-level travel time spent in this place.
 C = Inter-level travel time spent in this place.
 D = Time resting spent in this place.
 E = Time spent auto-exploring this place.
 F = Levels seen in this place.
 G = Mean time per level.
                   A        B        C        D        E       F      G
               +--------+--------+--------+--------+--------+-----+--------+
         Total |   1244 |   1220 |     24 |      0 |   1001 |   2 |  622.0 |
       Dungeon |   1244 |   1220 |     24 |      0 |   1001 |   2 |  622.0 |
               +--------+--------+--------+--------+--------+-----+--------+

Top non-repeatable levels by time:
     D:1: 1108 daAuts
     D:2: 135 daAuts
